Map: Nightscape LE

Players

James

  • Race: Terran Terran
  • Spawn Location: 1:00

TBaGnTyrAnT

  • Race: Terran Terran
  • League: Platinum
  • Spawn Location: 1:00

MattBarry - Winner!

  • Race: Protoss Protoss
  • League: Gold
  • Spawn Location: 7:00

MattBarry - Winner!

  • Race: Zerg Zerg
  • League: Silver
  • Spawn Location: 7:00

VOD

Have the link to the VOD?

Description

Time

  • Played on: Jan. 19, 2023, 1:44 a.m.
  • Length: 16:38
Show
View Real Time Build Order
Export as new Build Order

James Terran 

Build Orders:  

Get SALT Encoding   

  12  0:05  SCV  
  13  0:21  Refinery  
  13  0:30  SCV, Refinery  
  14  0:42  SCV  
  15  0:49  Engineering Bay  
  15  1:21  Supply Depot  
  15  1:25  Supply Depot  
  15  1:43  SCV  
  16  1:49  Barracks  
  16  1:55  SCV  
  17  2:07  SCV  
  18  2:10  Sensor Tower  
  18  2:19  SCV  
  19  2:30  Missile Turret  
  19  2:31  SCV  
  20  2:42  Bunker  
  20  2:43  SCV  
  21  3:11  Marine  
  21  3:12  Supply Depot  
  22  3:28  Marine  
  23  3:41  Factory  
  23  3:46  Marine  
  24  4:02  Barracks  
  24  4:04  Marine  
  25  4:27  Ghost Academy  
  25  4:29  Planetary Fortress  
  25  4:34  Command Center  
  25  4:36  Barracks Tech Lab  
  25  4:51  Starport  
  25  5:05  Barracks Reactor  
  25  5:34  Command Center  
  25  5:38  SCV  
  26  5:49  Factory  
  26  5:50  SCV  
  27  6:02  SCV  
  28  6:09  Factory Tech Lab  
  28  6:14  SCV  
  28  6:15  Marine x3  
  32  6:25  Starport Tech Lab  
  32  6:32  Supply Depot, Marine  
  32  6:33  Marine x2  
  35  6:50  Marine x2  
  35  6:51  Marine  
  38  6:55  Starport  
  38  7:04  Armory  
  38  7:08  Marine x3  
  41  7:18  SCV  
  42  7:26  Marine x3  
  45  7:30  Supply Depot  
  45  7:31  SCV  
  45  7:33  Fusion Core  
  46  7:43  SCV  
  46  7:44  Marine  
  48  7:53  Supply Depot  
  48  7:58  Starport Reactor  
  48  8:10  SCV  
  49  8:16  SCV  
  50  8:22  SCV  
  51  8:28  SCV  
  51  8:31  Supply Depot, Factory Tech Lab  
  52  8:34  SCV  
  52  8:38  Factory Reactor  
  52  8:40  SCV  
  54  8:47  SCV  
  55  8:52  SCV  
  56  8:57  Starport  
  56  8:59  SCV  
  56  9:01  Starport  
  57  9:05  Weapon Refit  
  41  9:27  Marine x2  
  41  9:28  Marine  
  44  9:34  SCV  
  44  9:38  SCV  
  46  9:44  Refinery  
  46  9:45  Marine x2  
  46  9:46  Marine, SCV  
  46  9:48  Refinery  
  46  9:50  SCV  
  51  9:56  Starport Tech Lab  
  51  9:58  SCV  
  52  10:02  SCV  
  52  10:03  Marine x3  
  56  10:14  SCV, Starport Tech Lab  
  56  10:21  Marine x3, Combat Shield  
  58  10:25  Corvid Reactor  
  58  10:26  SCV  
  61  10:31  Terran Vehicle Weapons Level 1  
  61  10:34  Personal Cloaking  
  61  10:39  Marine  
  61  10:40  Supply Depot  
  53  10:43  Marine x2  
  53  10:45  Rapid Reignition System  
  46  10:57  Marine  
  46  11:01  Marine x2  
  48  11:14  SCV  
  48  11:15  Marine  
  50  11:19  Marine  
  51  11:26  SCV  
  52  11:38  SCV  
  52  11:39  Stimpack  
  53  11:42  Advanced Ballistics  
  53  11:43  Cloaking Field  
  53  11:50  SCV  
  54  12:01  Thor  
  54  12:03  SCV  
  61  12:15  SCV  
  62  12:26  Terran Vehicle And Ship Armor Level 1  
  62  12:27  SCV  
  69  13:03  Hyperflight Rotors, Battlecruiser  
  75  13:09  SCV  
  76  13:19  Concussive Shells  
  31  14:15  Missile Turret  
  31  14:16  Missile Turret  
  27  14:18  Missile Turret  
  27  14:19  Missile Turret  
Show
View Real Time Build Order
Export as new Build Order

TBaGnTyrAnT Terran 

Build Orders:  

Get SALT Encoding   

  12  0:00  SCV  
  13  0:14  SCV  
  14  0:28  SCV  
  15  0:30  Supply Depot  
  15  0:41  Refinery  
  15  0:51  SCV  
  15  0:57  Barracks  
  16  1:04  SCV  
  17  1:13  Refinery  
  17  1:16  SCV  
  18  1:28  SCV  
  19  1:40  SCV  
  20  1:52  SCV  
  21  1:54  Barracks Reactor  
  21  1:55  Factory  
  21  2:04  SCV  
  21  2:06  Supply Depot  
  22  2:16  SCV  
  23  2:23  Command Center  
  23  2:28  SCV  
  24  2:32  Marine  
  24  2:36  Marine  
  26  2:39  Factory Tech Lab  
  26  2:40  SCV  
  27  2:52  Bunker  
  27  3:04  Orbital Command  
  27  3:08  Starport  
  27  3:22  Siege Tank  
  27  3:25  Refinery  
  30  3:35  Engineering Bay  
  30  3:40  Marine x2  
  32  3:43  SCV  
  33  3:49  SCV  
  33  3:55  Starport Tech Lab  
  34  4:17  Supply Depot  
  34  4:21  SCV x2  
  36  4:28  Starport  
  36  4:33  SCV  
  36  4:34  Supply Depot  
  36  4:38  Orbital Command  
  37  4:45  SCV  
  38  4:47  Refinery  
  38  4:51  Armory  
  38  4:57  SCV  
  39  5:02  Siege Tank  
  42  5:09  SCV  
  43  5:21  SCV, Starport Tech Lab  
  43  5:25  SCV  
  45  5:33  SCV  
  46  5:35  Banshee  
  46  5:36  Cloaking Field  
  46  5:37  SCV  
  46  5:42  Fusion Core  
  50  5:45  Supply Depot  
  50  5:46  SCV  
  50  5:49  SCV  
  52  5:52  Banshee  
  55  5:58  SCV  
  55  6:01  Supply Depot, SCV  
  57  6:06  Terran Vehicle And Ship Armor Level 1  
  57  6:13  Hi-Sec Auto Tracking  
  57  6:18  Banshee  
  57  6:22  Command Center  
  60  6:59  Battlecruiser  
  66  7:05  Starport  
  66  7:06  Starport  
  66  7:07  Starport  
  66  7:09  Command Center  
  66  7:10  Weapon Refit  
  66  7:24  SCV x2  
  68  7:36  SCV x2  
  70  7:40  Armory  
  70  8:01  Battlecruiser  
  75  8:16  Command Center  
  75  8:20  Orbital Command  
  72  8:51  SCV x3  
  75  9:00  Supply Depot  
  75  9:03  SCV x3  
  75  9:04  Supply Depot  
  78  9:15  SCV x2  
  78  9:16  SCV, Battlecruiser x2  
  89  9:27  Missile Turret x2, SCV  
  89  9:28  SCV x2  
  89  9:29  Missile Turret  
  89  9:30  Missile Turret  
  92  9:39  SCV  
  92  9:40  SCV x2  
  95  9:48  Siege Tank  
  95  9:49  Marine  
  99  9:59  Refinery  
  99  10:05  Supply Depot  
  99  10:06  Marine  
  100  10:10  SCV  
  101  10:20  Battlecruiser x2  
  113  10:22  SCV  
  113  10:24  Marine  
  109  10:34  SCV  
  107  10:35  Missile Turret  
  107  10:36  Missile Turret x3  
  107  10:37  Missile Turret x3  
  107  10:38  Missile Turret, Refinery  
  107  10:42  Marine  
  108  10:46  SCV  
  91  10:58  SCV  
  91  11:00  Marine  
  79  11:23  Starport Tech Lab  
  79  11:24  Battlecruiser  
  79  11:25  Battlecruiser  
  89  11:31  Starport Tech Lab  
  89  11:38  Starport Tech Lab  
  89  11:41  SCV x3  
  92  11:50  Supply Depot x2  
  92  11:51  Supply Depot  
  92  11:52  Supply Depot  
  92  11:54  Supply Depot  
  92  11:55  Supply Depot  
  92  11:56  Supply Depot x2  
  92  11:57  Supply Depot  
  92  12:10  SCV  
  92  12:11  SCV x2  
  92  12:15  Supply Depot  
  90  12:17  Supply Depot  
  90  12:19  Supply Depot  
  90  12:22  Supply Depot x2, SCV  
  90  12:23  SCV x2  
  93  12:35  SCV x3  
  96  12:41  Battlecruiser  
  96  12:42  Battlecruiser x2  
  114  12:47  SCV x3  
  117  13:00  SCV  
  117  13:02  Battlecruiser x2  
  117  13:04  Supply Depot x2  
  130  13:06  Supply Depot  
  130  13:12  SCV  
  131  13:18  Command Center  
  131  13:24  SCV  
  131  13:26  Marine  
  133  13:30  Supply Depot  
  105  13:36  SCV  
  66  13:55  Battlecruiser x2  
  83  14:13  Battlecruiser  
Show
View Real Time Build Order
Export as new Build Order

MattBarry Protoss - Winner!

Build Orders: Double Forge 

Get SALT Encoding   

  12  0:01  Probe  
  13  0:13  Probe  
  14  0:17  Pylon  
  14  0:25  Probe  
  15  0:36  Gateway  
  15  0:38  Probe  
  16  0:45  Assimilator  
  16  0:51  Probe (Chrono Boost)  
  17  1:03  Probe (Chrono Boost)  
  18  1:06  Pylon  
  18  1:09  Probe (Chrono Boost)  
  19  1:17  Probe  
  20  1:23  Cybernetics Core  
  20  1:25  Zealot  
  22  1:31  Probe  
  23  1:43  Probe  
  24  1:55  Probe  
  24  1:57  Stalker (Chrono Boost)  
  24  1:59  Warp Gate  
  27  2:07  Probe  
  28  2:15  Nexus  
  28  2:19  Probe  
  29  2:23  Pylon  
  29  2:31  Probe  
  30  2:38  Assimilator  
  30  2:41  Stalker  
  32  2:47  Pylon  
  32  2:49  Probe  
  33  3:01  Probe  
  34  3:06  Pylon  
  34  3:16  Stalker  
  34  3:18  Forge  
  34  3:19  Gateway  
  36  3:21  Probe  
  37  3:29  Probe  
  38  3:38  Forge  
  38  3:40  Probe  
  39  3:44  Probe  
  40  3:53  Protoss Ground Weapons Level 1 (Chrono Boost), Probe  
  41  3:56  Probe  
  42  4:06  Robotics Facility  
  42  4:08  Probe  
  42  4:09  Probe  
  44  4:11  Assimilator  
  44  4:15  Assimilator, Protoss Ground Armor Level 1 (Chrono Boost)  
  44  4:26  Probe  
  44  4:27  Probe  
  46  4:33  Pylon  
  46  4:39  Probe x2  
  46  4:45  Stalker x2  
  50  4:52  Twilight Council  
  52  4:55  Gateway  
  52  4:57  Pylon  
  52  4:59  Probe x2  
  54  5:08  Observer  
  54  5:11  Probe x2  
  57  5:17  Photon Cannon  
  57  5:21  Robotics Bay  
  57  5:23  Probe x2  
  57  5:27  Sentry x2  
  63  5:44  Probe x2  
  63  5:48  Protoss Ground Weapons Level 2 (Chrono Boost)  
  65  5:53  Nexus  
  65  5:55  Pylon  
  65  6:02  Protoss Ground Armor Level 2 (Chrono Boost)  
  65  6:06  Zealot x3  
  65  6:10  Charge  
  71  6:13  Disruptor  
  71  6:15  Probe x2  
  76  6:19  Pylon  
  76  6:27  Probe  
  76  6:28  Probe  
  78  6:36  Pylon  
  78  6:38  Zealot x3  
  84  6:51  Templar Archives  
  84  6:53  Probe x2  
  86  7:02  Assimilator  
  86  7:07  Assimilator  
  86  7:13  Probe x2  
  86  7:14  Photon Cannon  
  89  7:15  Probe  
  89  7:16  Photon Cannon  
  89  7:17  Disruptor  
  92  7:23  Psionic Storm  
  92  7:25  Probe  
  93  7:30  Probe x2  
  95  7:37  Probe  
  95  7:40  Zealot x3  
  102  7:48  Gateway  
  102  7:50  Gateway  
  101  7:52  Gateway  
  101  7:54  Gateway  
  94  7:59  Observer (Chrono Boost)  
  94  8:11  Stalker  
  94  8:12  Stalker x2  
  99  8:35  Nexus  
  99  8:40  Pylon  
  99  8:51  Disruptor  
  99  8:54  High Templar x4  
  99  8:55  Protoss Ground Weapons Level 3 (Chrono Boost)  
  110  8:56  Protoss Ground Armor Level 3 (Chrono Boost)  
  110  9:20  Nexus  
  110  9:22  Pylon  
  110  9:27  Pylon  
  108  10:13  Probe x3  
  111  10:16  Zealot  
  111  10:17  Zealot x6  
  125  10:25  Probe x3  
  109  11:01  Archon  
  97  11:07  Stalker  
  97  11:08  Stalker x6  
  105  11:24  Probe x3  
  105  11:25  Probe  
  109  11:36  Probe x2  
  109  11:37  Probe x2  
  113  11:41  Photon Cannon  
  113  11:43  Stalker  
  113  11:44  Photon Cannon, Stalker x6  
  127  11:48  Probe x2  
  127  11:49  Probe x2  
  127  11:52  Protoss Shields Level 1  
  131  12:08  Assimilator  
  131  12:12  Assimilator  
  131  12:20  Stalker x7  
  145  12:48  Nexus  
  145  12:49  Stalker  
  145  12:50  Pylon, Stalker x6  
  159  12:53  Pylon  
  159  12:55  Pylon  
  159  12:59  Blink (Chrono Boost)  
  159  13:14  Gateway  
  159  13:15  Gateway  
  159  13:17  Gateway  
  159  13:18  Gateway  
  159  13:20  Pylon  
  145  13:58  Stalker  
  145  13:59  Stalker x4  
  145  14:01  Stalker  
  145  14:02  Stalker  
  159  14:12  Disruptor  
  160  14:18  Robotics Facility  
  160  14:19  Robotics Facility  
  160  14:28  Stalker x3  
  160  14:30  Stalker x5  
  176  14:31  Stalker  
  176  14:32  Stalker x2  
  182  14:48  Disruptor  
  169  15:27  Stalker x3  
  169  15:28  Stalker x6  
  181  15:29  Stalker x2  
  191  16:03  Probe  
  191  16:04  Probe x3  
  195  16:15  Assimilator  
  195  16:16  Probe x4  
  199  16:19  Assimilator  
Show
View Real Time Build Order
Export as new Build Order

MattBarry Zerg - Winner!

Build Orders: Hatch First 

Get SALT Encoding   

  12  0:00  Drone  
  13  0:13  Overlord  
  13  0:20  Drone  
  14  0:37  Drone  
  14  0:40  Drone  
  16  0:53  Drone  
  16  0:54  Hatchery  
  16  1:02  Drone  
  17  1:17  Spawning Pool  
  16  1:24  Drone  
  17  1:26  Extractor  
  16  1:35  Drone  
  16  1:36  Drone x2  
  19  1:58  Drone  
  19  2:00  Overlord  
  20  2:10  Overlord  
  20  2:17  Zergling x2  
  21  2:24  Queen  
  21  2:27  Metabolic Boost  
  23  2:37  Spine Crawler  
  23  2:41  Drone x3  
  25  2:50  Drone  
  27  2:51  Drone  
  27  3:04  Drone x3  
  27  3:05  Drone  
  31  3:17  Baneling Nest  
  31  3:18  Drone  
  31  3:19  Drone  
  32  3:21  Queen  
  32  3:24  Queen  
  36  3:32  Drone  
  36  3:33  Drone, Extractor, Overlord  
  36  3:46  Overlord  
  36  3:53  Drone x3  
  36  3:54  Drone  
  40  3:59  Queen  
  40  4:02  Extractor  
  41  4:04  Zergling x2  
  41  4:05  Zergling x2  
  43  4:27  Lair, Hatchery  
  42  4:36  Hatchery  
  41  4:39  Evolution Chamber  
  39  4:50  Drone x10  
  49  4:55  Drone, Overlord  
  50  5:13  Extractor  
  49  5:27  Zergling x10  
  49  5:28  Zergling x10  
  58  5:51  Zerg Melee Weapons Level 1  
  58  5:58  Centrifugal Hooks  
  58  6:07  Evolution Chamber  
  58  6:11  Queen  
  59  6:13  Pneumatized Carapace  
  59  6:14  Queen  
  61  6:35  Drone x2, Overlord x4  
  63  6:42  Roach Warren  
  63  6:45  Spire  
  61  6:56  Overlord  
  61  6:58  Zergling x2, Overlord  
  61  6:59  Zergling x28  
  76  7:14  Hatchery  
  75  7:16  Baneling x10  
  75  7:17  Baneling  
  75  7:18  Baneling x4  
  75  7:32  Zerg Ground Armor Level 1  
  75  7:36  Infestation Pit  
  74  8:01  Overseer  
  74  8:02  Overseer  
  74  8:09  Drone x4  
  74  8:10  Drone x2, Overlord x3  
  80  8:14  Mutalisk  
  80  8:15  Mutalisk x4  
  67  9:13  Mutalisk  
  67  9:14  Mutalisk x7  
  81  9:29  Hive  
  81  9:34  Drone x2  
  81  9:35  Drone x5, Overlord  
  81  9:36  Overlord  
  81  9:37  Queen  
  90  9:42  Zergling x22  
  90  9:43  Zergling x4  
  103  9:49  Zerg Melee Weapons Level 2  
  103  9:57  Extractor  
  103  9:58  Extractor  
  101  10:10  Corruptor x2  
  86  10:29  Hatchery  
  86  10:33  Corruptor  
  86  10:34  Corruptor x2  
  79  11:08  Mutalisk  
  79  11:09  Mutalisk x3  
  87  11:12  Zergling x24  
  87  11:13  Zergling x18  
  108  11:26  Greater Spire  
  106  11:36  Adrenal Glands  
  106  11:48  Queen  
  106  11:51  Drone x4  
  106  11:54  Drone  
  113  12:16  Corruptor  
  113  12:18  Mutalisk x2, Corruptor  
  113  12:19  Mutalisk x2, Extractor  
  113  12:20  Zergling x12  
  113  12:22  Extractor  
  129  13:00  Baneling x6  
  129  13:01  Baneling x16  
  84  14:19  Corruptor  
  84  14:20  Corruptor x15  
  110  14:38  Brood Lord x2  
  97  15:35  Brood Lord x4  
Tags
 
Add a new tag
Caveats
  • Supply blocks, unpowered buildings, or Contaminate may cause inaccurate times.
  • Supply counts are checked every 10 seconds.